 Dungeon Crawl Stone Soup version 0.30-a0-824-g6c64550be9 (webtiles) character file.

Game seed: 17981836428181483020

21140 Pimp the Fighter (level 12, -9/100 HPs)
             Began as a Demonspawn Berserker on Feb 27, 2023.
             Was a High Priest of Trog.
             Succumbed to a death drake's dark miasma
             ... on level 2 of the Abyss.
             The game lasted 00:25:01 (12047 turns).

Pimp the Fighter (Demonspawn Berserker)            Turns: 12047, Time: 00:25:01

Health: -9/100     AC: 30    Str: 22 (23) XL:     12   Next: 51%
Magic:  12/12      EV: 13    Int: 11      God:    Trog [*****.]
Gold:   821        SH:  4    Dex: 13      Spells: 11/11 levels left

rFire   . . .      SeeInvis .    a - +7 war axe (flame)
rCold   . . .      Faith    +    (no shield)
rNeg    . . .      Spirit   .    L - +2 plate armour of Doummigh {Stlth+}
rPois   .          Reflect  .    J - +2 helmet {Int+3}
rElec   .          Harm     .    x - +0 cloak
rCorr   .          Rampage  .    s - +2 pair of gloves
Will    .....                    y - +0 pair of boots Stlth
                                 u - amulet of faith
HPRegen 0.36/turn                l - +4 ring of protection
MPRegen 0.13/turn                o - +4 ring of slaying

@: lethally poisoned (-9 -> -65), about to teleport
A: repulsion field 2, condensation shield, demonic touch 2, deterioration 1
a: Renounce Religion, Berserk, Trog's Hand, Brothers in Arms


You were on level 2 of the Abyss.
You worshipped Trog.
Trog was extremely pleased with you.
You visited 1 branch of the dungeon, and saw 12 of its levels.
You visited the Abyss 1 time.
You also visited: Bailey.

You collected 821 gold pieces.

Inventory:

Hand Weapons
 a - a +7 war axe of flaming (weapon)
 n - a +0 broad axe
 t - a +4 battleaxe
 E - a +0 battleaxe of electrocution
Armour
 h - a +2 helmet
 s - a +2 pair of gloves (worn)
 x - a +0 cloak (worn)
 y - a +0 pair of boots (worn)
 J - a +2 helmet of intelligence (worn)
 L - the +2 plate armour of Doummigh (worn) {Stlth+}
   (You found it in a bailey)

   Stlth:     It makes you more stealthy.
Jewellery
 j - a ring of willpower
 l - a +4 ring of protection (left hand)
 m - a ring of magical power
 o - a +4 ring of slaying (right hand)
 u - an amulet of faith (around neck)
 z - an amulet of regeneration
 H - a +4 ring of slaying
 K - a ring of see invisible
 N - a ring of flight
 O - the amulet of Fun {Acrobat Str+3}
   (You found it on level 8 of the Dungeon)

   [amulet of the acrobat]

   It increases your evasion while moving and waiting.
   Str:       It affects your strength (+3).
 S - an amulet of guardian spirit
Wands
 i - a wand of polymorph (18)
 q - a wand of flame (44)
 v - a wand of charming (10)
 B - a wand of iceblast (11)
 D - a wand of digging (2)
 R - a wand of mindburst (9)
Scrolls
 g - 4 scrolls of identify
Potions
 b - a potion of invisibility {unknown}
 c - 3 potions of ambrosia
 d - 4 potions of lignification
 k - a potion of haste {unknown}
 p - 4 potions of flight
 A - 5 potions of curing
 C - a potion of might
 G - a potion of berserk rage
Miscellaneous
 M - a tin of tremorstones (2/2)


   Skills:
 + Level 11.1 Fighting
 + Level 10.2 Axes
 + Level 10.0 Armour
 + Level 10.0 Dodging


You had 11 spell levels left.
You didn't know any spells.
Your spell library was empty.

Dungeon Overview and Level Annotations

Branches:
Dungeon (12/15)            Temple (0/1) D:5            Lair (0/5) D:10
    Orc (0/2) D:9          Bailey (visited)

Altars:
Ashenzari
Dithmenos
Fedhas
Gozag
Hepliaklqana
Makhleb
Nemelex Xobeh
Okawaru
Sif Muna
Trog
Vehumet
Wu Jian

Annotations:
D:3 2 transporters


Innate Abilities, Weirdness & Mutations

You are surrounded by a moderate repulsion field. (EV +3)
A meltable shield of frost defends you. (SH +4)
Your touch may inflict irresistible damage on your foes.
Your body sometimes deteriorates upon taking damage.


Message History

Your ogre looks even sicker.
Your ogre barely misses the death drake.
The death drake bites you but does no damage.
Your ogre is engulfed in dark miasma.
Your ogre looks as sick as possible!
Your ogre barely misses the death drake.
The death drake breathes miasma at you. The foul vapour engulfs you!
You are poisoned.
* * * LOW HITPOINT WARNING * * *
Okay, then.
As you read the scroll of teleportation, it crumbles to dust.
You feel strangely unstable.
You feel the power of the Abyss delaying your translocation!
You are engulfed in dark miasma.
You are more poisoned.
* * * LOW HITPOINT WARNING * * *
x2 You feel extremely sick.
Your ogre hits the death drake with a +0 giant club!!
A small abomination comes into view.
You feel much better.
You are engulfed in dark miasma.
You are more poisoned.
* * * LOW HITPOINT WARNING * * *
Your body deteriorates!
You feel weakened.
You feel extremely sick. The death drake closely misses you.
Your ogre hits the large abomination but does no damage.
The death drake bites you but does no damage.
You slice the death drake!! You burn the death drake!
The death drake is severely wounded.
You are engulfed in dark miasma.
You are more poisoned.
* * * LOW HITPOINT WARNING * * *
x2 You feel extremely sick.
Your ogre dies!
Your ogre's corpse disappears in a puff of smoke!
The death drake bites you but does no damage.
The death drake attacks as you move away!
The death drake barely misses you.
You die...

#... .# #.....#
#..#....#.....
##..°.##....#
#....#.#....#. #
#§#...#...#
#.○#.X.#..#
#...#k..#
#.###.#.#..#
#.....@# ....
#......#...##...
##..#...##....#.
#...x## ...##
..##.# .## .. ..
#. . ### #. ##


You could see a death drake and a large abomination.

Vanquished Creatures
  Nessos (D:12)
  A hydra (D:12)
  2 boulder beetles (D:12)
  3 two-headed ogres
  The ghost of BillyBaka the Fighter, a novice MiFi (D:7)
  Pikel (D:4)
  A wolf spider (D:12)
  A deep elf pyromancer (D:12)
  2 deep elf zephyrmancers (D:11)
  An ugly thing (D:12)
  A manticore (D:11)
  2 cyclopes
  Maurice (D:8)
  A kobold demonologist (D:12)
  An unseen horror (D:11)
  A komodo dragon (D:12)
  A troll (D:11)
  3 hornets
  Sigmund (D:2)
  2 wraiths
  Eustachio (D:5)
  10 yaks (D:9)
  A wyvern (D:9)
  A basilisk (D:11)
  A steam dragon (D:7)
  11 vampire mosquitoes
  2 wargs (D:10)
  3 acid dragons
  An ice beast (D:6)
  9 orc warriors
  2 swamp drakes
  2 ogres
  16 centaurs
  Blork the orc (D:6)
  3 bullfrogs
  2 scorpions
  A gnoll sergeant (D:6)
  2 necrophages (D:5)
  16 killer bees
  4 howler monkeys
  A crimson imp (D:11)
  6 hounds
  An iron imp (D:11)
  A jelly (D:7)
  13 orc priests
  7 iguanas
  11 orc wizards
  Terence (D:2)
  8 adders
  9 gnolls
  4 shadow imps
  A white imp (D:11)
  3 ufetubi
  4 worms
  3 dart slugs (D:1)
  60 orcs
  4 ball pythons
  4 bats
  9 endoplasms
  5 giant cockroaches
  3 goblins
  7 hobgoblins
  5 jackals (D:2)
  2 kobolds
  7 quokkas
  15 frilled lizards
  8 rats
319 creatures vanquished.

Vanquished Creatures (collateral kills)
  A juggernaut skeleton (Abyss:2)
  A large abomination (Abyss:2)
2 creatures vanquished.

Vanquished Creatures (others)
  2 orc wizards
  5 orcs (D:11)
  5 fungi (D:3)
  8 plants (D:6)
20 creatures vanquished.

Grand Total: 341 creatures vanquished

Notes
Turn   | Place    | Note
-------+----------+-------------------------------------------
     0 | D:1      | Pimp the Demonspawn Berserker began the quest for the Orb.
     0 | D:1      | Reached XP level 1. HP: 18/18 MP: 1/1
     0 | D:1      | Noticed a draconian
     1 | D:1      | Noticed a minotaur
     3 | D:1      | Noticed a tengu
     6 | D:1      | Noticed a ghoul
     7 | D:1      | Noticed a draconian
    11 | D:1      | Noticed a demigod
    11 | D:1      | Noticed a spriggan
    13 | D:1      | Noticed a demigod
    13 | D:1      | Noticed a spriggan
    15 | D:1      | Noticed a felid
    15 | D:1      | Noticed an ogre
    15 | D:1      | Noticed a tengu
    17 | D:1      | Noticed a vine stalker
    17 | D:1      | Noticed a demonspawn
    17 | D:1      | Noticed an elf
    19 | D:1      | Noticed a formicid
   128 | D:1      | Gained mutation: You are surrounded by a mild repulsion
                  | field. (EV +2) [demonic ancestry]
   128 | D:1      | Reached XP level 2. HP: 13/24 MP: 2/2
   909 | D:2      | Gained mutation: You are surrounded by a moderate repulsion
                  | field. (EV +3) [demonic ancestry]
   909 | D:2      | Reached XP level 3. HP: 27/29 MP: 3/3
   923 | D:2      | Reached ** piety under Trog
  1121 | D:2      | Noticed Sigmund
  1229 | D:2      | Killed Sigmund
  1230 | D:2      | Reached skill level 4 in Fighting
  1230 | D:2      | Reached XP level 4. HP: 37/37 MP: 4/4
  1230 | D:2      | Reached XP level 5. HP: 42/42 MP: 5/5
  1742 | D:2      | Noticed Terence
  1763 | D:2      | Killed Terence
  1764 | D:2      | Gained mutation: A meltable shield of frost defends you.
                  | (SH +4) [demonic ancestry]
  1764 | D:2      | Reached XP level 6. HP: 43/48 MP: 6/6
  2134 | D:2      | Found a faded altar of an unknown god.
  2572 | D:3      | Found an ornate altar of the Wu Jian Council.
  2670 | D:3      | Found a transporter.
  2678 | D:3      | Found a transporter.
  3250 | D:4      | Noticed Pikel
  3261 | D:4      | Killed Pikel
  3262 | D:4      | Reached skill level 5 in Fighting
  3262 | D:4      | Reached XP level 7. HP: 56/56 MP: 7/7
  3694 | D:4      | Reached *** piety under Trog
  3733 | D:4      | Found a shimmering blue altar of Sif Muna.
  3995 | D:4      | Found a broken altar of Ashenzari.
  4039 | D:5      | Entered Level 5 of the Dungeon
  4061 | D:5      | Reached skill level 5 in Axes
  4061 | D:5      | Reached XP level 8. HP: 27/63 MP: 8/8
  4305 | D:5      | Noticed Eustachio
  4329 | D:5      | Killed Eustachio
  4349 | D:5      | Found a radiant altar of Vehumet.
  4732 | D:5      | Reached skill level 6 in Fighting
  4732 | D:5      | Reached skill level 5 in Armour
  4732 | D:5      | Reached skill level 5 in Dodging
  4842 | D:5      | Found a staircase to the Ecumenical Temple.
  5195 | D:5      | Found an iron altar of Okawaru.
  5377 | D:6      | Reached **** piety under Trog
  5492 | D:6      | Noticed Blork the orc
  5499 | D:6      | Reached XP level 9. HP: 71/71 MP: 9/9
  5500 | D:6      | Killed Blork the orc
  5547 | D:6      | Found a sparkling altar of Nemelex Xobeh.
  6112 | D:7      | Reached skill level 7 in Fighting
  6156 | D:7      | Found a burning altar of Makhleb.
  6160 | D:7      | Noticed a balrug
  6160 | D:7      | Noticed an angel
  6293 | D:7      | Found a flagged portal.
  6308 | Bailey   | Entered a bailey
  6433 | Bailey   | Reached ***** piety under Trog
  6490 | Bailey   | Identified the +2 plate armour of Doummigh {Stlth+}
  6736 | D:7      | Found a runed translucent door.
  6741 | D:7      | Noticed BillyBaka's ghost (novice MiFi)
  6870 | D:7      | Found a blossoming altar of Fedhas.
  7422 | D:7      | Killed BillyBaka's ghost
  7423 | D:7      | Gained mutation: Your touch may inflict minor irresistible
                  | damage on your foes. [demonic ancestry]
  7423 | D:7      | Reached XP level 10. HP: 79/80 MP: 10/10
  7567 | D:8      | Noticed Maurice
  7615 | D:8      | Killed Maurice
  7616 | D:8      | Reached skill level 8 in Fighting
  7681 | D:8      | Identified the amulet of Fun {Acrobat Str+3}
  7701 | D:8      | Found a hazy altar of Hepliaklqana.
  7736 | D:8      | Paralysed by a hornet for 3 turns
  7892 | D:8      | Found an opulent altar of Gozag.
  8170 | D:8      | Gained mutation: You are somewhat resistant to further
                  | mutation. [potion of mutation]
  8171 | D:8      | Lost mutation: You are somewhat resistant to further
                  | mutation. [potion of mutation]
  8171 | D:8      | Gained mutation: Your body sometimes deteriorates upon
                  | taking damage. [potion of mutation]
  8421 | D:9      | Reached skill level 9 in Fighting
  8907 | D:9      | Found a staircase to the Orcish Mines.
  8909 | D:9      | Received a gift from Trog
  8914 | D:9      | Reached XP level 11. HP: 89/89 MP: 11/11
  9152 | D:9      | Found a bloodstained altar of Trog.
  9586 | D:10     | Entered Level 10 of the Dungeon
  9586 | D:10     | Found a staircase to the Lair.
  9750 | D:10     | Found a shadowy altar of Dithmenos.
  9810 | D:10     | Noticed a two-headed ogre
  9818 | D:10     | Killed a two-headed ogre
 10602 | D:11     | Noticed a deep elf zephyrmancer
 10609 | D:11     | Killed a deep elf zephyrmancer
 10612 | D:11     | Noticed a deep elf zephyrmancer
 10620 | D:11     | Noticed a two-headed ogre
 10624 | D:11     | Killed a deep elf zephyrmancer
 10625 | D:11     | Reached skill level 10 in Fighting
 10627 | D:11     | Killed a two-headed ogre
 10989 | D:12     | Noticed Nessos
 10994 | D:12     | Killed Nessos
 11106 | D:12     | Received a gift from Trog
 11211 | D:12     | Noticed a boulder beetle
 11399 | D:12     | Noticed a boulder beetle
 11401 | D:12     | Noticed a brown ugly thing
 11407 | D:12     | Killed a brown ugly thing
 11408 | D:12     | Gained mutation: Your touch may inflict irresistible damage
                  | on your foes. [demonic ancestry]
 11408 | D:12     | Reached XP level 12. HP: 84/98 MP: 12/12
 11422 | D:12     | Killed a boulder beetle
 11614 | D:12     | Noticed a boulder beetle
 11631 | D:12     | Killed a boulder beetle
 11638 | D:12     | Noticed a seven-headed hydra
 11919 | D:12     | Noticed a two-headed ogre
 11922 | D:12     | Killed a one-headed hydra
 11923 | D:12     | Reached skill level 10 in Axes
 11936 | D:12     | Killed a two-headed ogre
 11938 | Abyss:2  | Cast into level 2 of the Abyss (a wizard)
 12031 | Abyss:2  | Reached skill level 11 in Fighting
 12041 | Abyss:2  | Reached skill level 10 in Armour
 12041 | Abyss:2  | Reached skill level 10 in Dodging
 12046 | Abyss:2  | HP: 3/100 [poisoned by a death drake (dark miasma)]
 12047 | Abyss:2  | Succumbed to a death drake's dark miasma

Illustrated notes

Levels and vault maps discovered:
D:1:      shiori_arrival_whats_in_store_for_you, layout_basic
D:2:      minmay_recursive_quarters, layout_basic,
          ebering_ecumenical_altar_hall, serial_rivers,
          chequers_serial_rivers_marsh, chequers_serial_rivers_small_b,
          chequers_serial_rivers_micro_e, chequers_serial_rivers_small_a,
          chequers_serial_rivers_micro_d, chequers_serial_rivers_marsh,
          uniq_terence, uniq_sigmund
D:3:      gammafunk_steamed_eel, layout_basic, nicolae_wu_jian_wuxing_cycle,
          dreamdust_mushroom_princess, chequers_decorated_corner,
          minmay_surrounded
D:4:      layout_rooms, nicolae_sif_muna_condensation,
          nicolae_overflow_two_pavilions, minivault_19, uniq_pikel
D:5:      layout_basic, mainiacjoe_overflow_surrounded_room, vehumet_crystals,
          minmay_temple_entry_antechambers, minivault_14, minmay_joined_circles,
          uniq_eustachio
D:6:      layout_loops_ring, kennysheep_little_box, nemelex_dance_club_becter,
          minmay_lizard_king, uniq_blork_the_orc
D:7:      layout_cave_pods, grunt_temple_overflow_order_and_chaos_2,
          mainiacjoe_overflow_catwalk, hellmonk_ghost_happy_afterlife,
          enter_bailey_2, minmay_misc_feat_nine_boxes
D:8:      layout_basic, lemuel_doored_altar,
          nicolae_gozag_cash_rules_everything_around_me, uniq_maurice
D:9:      layout_roguey, mainiacjoe_overflow_brackets, erik_orc_1, eino_jars
D:10:     layout_rooms, grunt_dithmenos_smoke, erik_lair_orcish_takeover
D:11:     layout_rooms, hangedman_minor_magic
D:12:     minmay_triangles_in_corner, layout_basic, uniq_nessos
Abyss:2:  base: D:4, bh_silent_lugonu_exit, minivault_5, minivault_5

Skill      XL: |  1  2  3  4  5  6  7  8  9 10 11 12 |
---------------+-------------------------------------+-----
Armour         | 2 3 4 5 6 8 9 10 | 10.0
Dodging        | 2 3 4 5 6 8 9 10 | 10.0
Axes           | 3 4 5 6 7 8 9 10 | 10.2
Fighting       | 4 5 6 7 9 10 11 | 11.1

Action                     |  1- 3 |  4- 6 |  7- 9 | 10-12 || total
---------------------------+-------+-------+-------+-------++-------
  Melee: Hand axe          |   126 |     1 |       |       ||   127
         Punch             |     2 |     4 |     3 |     2 ||    11
         War axe           |       |   109 |   130 |   207 ||   446
         Broad axe         |       |       |    47 |       ||    47
         Battleaxe         |       |       |   129 |   133 ||   262
         Touch             |       |       |       |    40 ||    40
 Invoke: Berserk           |     2 |     2 |     4 |     7 ||    15
         Trog's Hand       |       |       |       |     3 ||     3
         Brothers in Arms  |       |       |       |     1 ||     1
    Use: Potion            |     1 |       |       |     6 ||     7
         Scroll            |       |     5 |     9 |    16 ||    30
   Stab: Distracted        |       |       |       |     1 ||     1
 Armour: Animal skin       |    30 |    30 |       |       ||    60
         Scale mail        |       |     2 |    12 |       ||    14
         Skin              |       |     1 |       |       ||     1
         Chain mail        |       |       |   137 |       ||   137
         Plate armour      |       |       |    28 |   327 ||   355
  Dodge: Dodged            |   116 |   126 |   216 |   298 ||   756
  Block: Other             |       |    11 |    69 |   104 ||   184

Table legend: (Time is in decaauts)
 A = Elapsed time spent in this place.
 B = Non-inter-level travel time spent in this place.
 C = Inter-level travel time spent in this place.
 D = Time resting spent in this place.
 E = Time spent auto-exploring this place.
 F = Levels seen in this place.
 G = Mean time per level.
                   A        B        C        D        E       F      G
               +--------+--------+--------+--------+--------+-----+--------+
         Total |  12386 |  11917 |    469 |   2167 |   6993 |  14 |  884.7 |
       Dungeon |  11871 |  11402 |    469 |   2050 |   6864 |  12 |  989.2 |
         Abyss |    122 |    122 |      0 |     39 |      0 |   1 |  122.0 |
        Bailey |    392 |    392 |      0 |     78 |    129 |   1 |  392.0 |
               +--------+--------+--------+--------+--------+-----+--------+

Top non-repeatable levels by time:
     D:9: 1430 daAuts
     D:2: 1306 daAuts
     D:5: 1272 daAuts
     D:7: 1181 daAuts
     D:3: 1116 daAuts
    D:12: 1028 daAuts
     D:1: 895 daAuts
     D:4: 813 daAuts
     D:6: 793 daAuts
    D:11: 786 daAuts
     D:8: 657 daAuts
    D:10: 588 daAuts
  Bailey: 392 daAuts
 Abyss:2: 122 daAuts
